 Dungeon Crawl Stone Soup version 0.21.0-25-ge575cb9 (webtiles) character file.

67 SedStubbie the Digger (level 4, -6/27 HPs)
             Began as an Octopode Earth Elementalist on Jan 26, 2018.
             Killed from afar by Robin (9 damage)
             ... with a wand of flame (26)
             ... on level 2 of the Dungeon.
             The game lasted 00:02:22 (1531 turns).

SedStubbie the Digger (Octopode Earth Elementalist) Turns: 1531, Time: 00:02:23

Health: -6/27      AC:  1    Str:  7    XL:     4   Next: 18%
Magic:  4/8        EV: 14    Int: 18    God:
Gold:   60         SH:  0    Dex: 12    Spells: 7/8 levels left

rFire    . . .     SeeInvis .   f - +2 short sword (speed)
rCold    . . .     Gourm    .   (no shield)
rNeg     . . .     Faith    .   (helmet restricted)
rPois    .         Spirit   .   (no amulet)
rElec    .         Reflect  .   (no ring)
rCorr    .         Harm     .   (no ring)
MR       .....                  (no ring)
Stlth    +++.......             (no ring)
HPRegen  0.09/turn              (no ring)
MPRegen  0.11/turn              (no ring)
                                (no ring)
                                (no ring)

@: no status effects
A: almost no armour, stealthy swim, amphibious, 8 rings, constrict 8, camouflage
1, gelatinous body 1
a: no special abilities


You were on level 2 of the Dungeon.
You were not hungry.

You visited 1 branch of the dungeon, and saw 2 of its levels.

You collected 60 gold pieces.

Inventory:

Hand Weapons
 f - a +2 short sword of speed (weapon)
Missiles
 b - 36 stones (quivered)
Scrolls
 e - a scroll of immolation {unknown}
 g - a scroll of remove curse {unknown}
Books
 d - a book of Geomancy

   Spells                             Type                      Level
   a - Sandblast                      Earth                        1
   b - Passwall                       Transmutation/Earth          2
   c - Stone Arrow                    Conjuration/Earth            3
   d - Petrify                        Transmutation/Earth          4
   e - Lee's Rapid Deconstruction     Earth                        5
Comestibles
 a - 3 chunks of flesh
 c - 4 rations


   Skills:
 + Level 2.9 Dodging
 - Level 2.6 Stealth
 + Level 2.7 Spellcasting
   Level 1.0 Transmutations
 + Level 3.7 Earth Magic


You had 7 spell levels left.
You knew the following spells:

 Your Spells              Type           Power        Failure   Level  Hunger
a - Sandblast             Erth           ###...       3%          1    None


Dungeon Overview and Level Annotations

Branches:
Dungeon (2/15)

Altars:

Annotations:
D:2 Robin


Innate Abilities, Weirdness & Mutations

You cannot wear most types of armour.
You are very stealthy in the water. (Stealth+)
You are amphibious.
You can wear up to eight rings at the same time.
You can use your tentacles to constrict eight enemies at once.
Your skin changes colour to match your surroundings (Stealth+).
Your rubbery body absorbs attacks. (AC +1, EV +1)


Message History

Casting: Sandblast
Confirm with . or Enter, or press ? or * to list all spells.
Aiming: Sandblast
Press: ? - help, Shift-Dir - straight line, f/p - Robin
Aim: Robin, wielding a trident, wearing an animal skin, wearing a helmet and carrying a wand of flame (26) (heavily wounded)
The blast of sand hits Robin.
Robin is almost dead.
b - 37 stones Robin closely misses you.
You aren't carrying any potions.
Casting: Sandblast
Confirm with . or Enter, or press ? or * to list all spells.
Aiming: Sandblast
Press: ? - help, Shift-Dir - straight line, f/p - Robin
Aim: Robin, wielding a trident, wearing an animal skin, wearing a helmet and carrying a wand of flame (26) (almost dead)
The blast of sand hits Robin.
Robin is almost dead.
b - 36 stones Robin zaps a wand.
The puff of flame hits you!
You die...

#.#.##.##>#####.#...#.#........
#.#..#..............#.'......>.
#+#.....#.......#.#.###........
....<)).#......##.#.# #........
........#.........#.# #........
........#####†....#.###########
.....#..# #....##........
........# #....##........
#######.# #...@##........ # ..#
#.......####### # .# ##...g..#
#......# #.#....# #'#)####
..... ...)..# .......#


You could see Robin.

Vanquished Creatures
  Natasha (D:2)
  A dart slug (D:1)
  A ball python (D:1)
  2 bats (D:1)
  A giant cockroach (D:1)
  12 goblins
  7 hobgoblins
  3 jackals (D:1)
  2 kobolds (D:1)
  A frilled lizard (D:1)
  2 rats (D:1)
33 creatures vanquished.

Notes
Turn   | Place    | Note
-------+----------+-------------------------------------------
     0 | D:1      | SedStubbie the Octopode Earth Elementalist began the quest for the Orb.
     0 | D:1      | Reached XP level 1. HP: 11/11 MP: 3/3
   373 | D:1      | Reached XP level 2. HP: 11/17 MP: 5/5
   893 | D:1      | Reached XP level 3. HP: 19/21 MP: 6/6
  1186 | D:2      | Noticed Natasha
  1191 | D:2      | Killed Natasha
  1316 | D:2      | Noticed Robin
  1334 | D:2      | Reached XP level 4. HP: 16/27 MP: 5/8
  1531 | D:2      | Killed from afar by Robin

Action                   |  1- 3 |  4- 6 || total
-------------------------+-------+-------++-------
Melee: Unarmed           |    39 |       ||    39
       Constrict         |    12 |     3 ||    15
       Tentacles         |     9 |     2 ||    11
       Short sword       |    11 |     9 ||    20
 Cast: Sandblast         |    15 |     9 ||    24
  Use: Potion            |     1 |       ||     1
 Stab: Sleeping          |     4 |       ||     4
  Eat: Chunk             |     1 |     1 ||     2
Armor: Skin              |     6 |     1 ||     7
Dodge: Dodged            |    33 |    13 ||    46
